 Dungeon Crawl Stone Soup version 0.32-a0-876-gcfddb08e57 (webtiles) character file.

Game seed: 8504940913562594153

392 spaghetti the Caller (level 6, -7/49 HPs)
             Began as a Naga Summoner on Apr 1, 2024.
             Was a Plaything of Xom.
             Mangled by a troll (14 damage)
             ... on level 3 of the Dungeon.
             The game lasted 00:04:55 (3208 turns).

spaghetti the Caller (Naga Summoner)                Turns: 3208, Time: 00:04:55

Health: -7/49      AC:  5    Str: 10    XL:     6   Next: 80%
Magic:  9/9        EV:  9    Int: 17    God:    Xom [......]
Gold:   106        SH:  0    Dex: 12    Spells: 3/9 levels left

rFire   . . .        (no weapon)
rCold   . . .        (no shield)
rNeg    . . .        f - +2 robe {Will+}
rPois   +            (no helmet)
rElec   .            (no cloak)
rCorr   .            (no gloves)
SInv    +            (no barding)
Will    +....        (no amulet)
Stlth   ++           (no ring)
HPRegen 0.28/turn    (no ring)
MPRegen 0.11/turn

%: no passive effects
@: very slow
A: AC +2, large, see invisible, deformed body, poison resistance, slowness 2,
spit poison 1, naga tail 1, noise suppression
a: Spit Poison, Renounce Religion


You were on level 3 of the Dungeon.
You worshipped Xom.
You were a very special plaything of Xom.
You visited 1 branch of the dungeon, and saw 3 of its levels.

You collected 106 gold pieces.

Inventory:

Missiles
 i - 3 javelins
Armour
 a - a +0 robe
 f - a +2 robe of willpower (worn)
Jewellery
 e - a ring of flight
Scrolls
 c - 3 scrolls of identify {unknown}
 d - 2 scrolls of amnesia {unknown}
 h - a scroll of vulnerability {unknown}
 j - a scroll of poison {unknown}
 k - a scroll of teleportation {unknown}
 l - a scroll of enchant weapon {unknown}
 m - a scroll of silence {unknown}
Potions
 b - a potion of magic
 g - 3 potions of brilliance


   Skills:
 - Level 1.5 Dodging
 - Level 3.0 Stealth
 - Level 2.0 Spellcasting
 + Level 7.9 Summonings


You had 3 spell levels left.
You knew the following spells:

 Your Spells              Type           Power      Damage    Failure   Level
a - Summon Small Mammal   Summ           100%       N/A       1%          1
b - Call Imp              Summ           56%        N/A       1%          2
c - Call Canine Familiar  Summ           28%        N/A       2%          3

Your spell library contained the following spells:

 Spells                   Type           Power      Damage    Failure   Level
 Sandblast                Erth           2%         2d4       19%         1
 Ensorcelled Hibernation  Hex/Ice        2%         N/A       28%         2
 Fugue of the Fallen      Necr           1%         N/A       50%         3
 Stone Arrow              Conj/Erth      2%         3d7       50%         3
 Summon Blazeheart Golem  Fire/Summ      15%        N/A       36%         4
 Summon Lightning Spire   Summ/Air       15%        N/A       36%         4
 Anguish                  Hex/Necr       0%         N/A       88%         4
 Brom's Barrelling Bould  Conj/Erth      1%         2d3       88%         4


Dungeon Overview and Level Annotations

Branches:
Dungeon (3/15)

Altars:
Xom

Shops:
D:2 !


Innate Abilities, Weirdness & Mutations

Your serpentine skin is tough. (AC +2)
You have supernaturally acute eyesight. (SInv)
Armour fits poorly on your strangely shaped body.
Your system is resistant to poisons. (rPois)
You cover ground very slowly.
You can spit poison.
You have a snake-like lower body.
You passively dampen the noise of your surroundings.


Message History

The kobold hits you with a +0 short sword.
You see here a +0 whip.
You barely miss the kobold.
You have got your breath back.
The kobold hits you with a +0 short sword.
You are too injured to fight recklessly!
You are too injured to fight recklessly!
You are too injured to fight recklessly!
You are too injured to fight recklessly!
You are too injured to fight recklessly!
You are too injured to fight recklessly!
You are too injured to fight recklessly!
You are too injured to fight recklessly!
You are too injured to fight recklessly!
You are too injured to fight recklessly!
You are too injured to fight recklessly!
You are too injured to fight recklessly!
You are too injured to fight recklessly!
You are too injured to fight recklessly!
A kobold is nearby!
You closely miss the kobold.
Xom's power touches on a nearby monster.
The kobold evaporates and reforms as a troll!
You barely miss the troll. The troll barely misses you. The troll claws you!
The troll claws you.
You hit the troll but do no damage. The troll bites you!
The troll barely misses you. The troll claws you.
You barely miss the troll. The troll bites you. The troll claws you!
* * * LOW HITPOINT WARNING * * *
The troll closely misses you.
Okay, then.
You feel better. The troll barely misses you. The troll claws you.
* * * LOW HITPOINT WARNING * * *
The troll claws you but does no damage. The orc misses you.
It was a potion of mutation.
You feel extremely strange.
You feel your surroundings grow quieter.
Xom roars with laughter!
The troll bites you!
You die...
Xom cackles wildly!

# ..# #############
.≈##
......#.....#######≈o~#
..###.#.......≈..~~~≈##
#.......>...#~~≈~~~....
#..##.#....≈≈~#........
#..##.#.....###..##...#
...##.####### #.o# ..#
......# #.@# ##.######
#.T# .>........ #...
#########. ####. .# # #
# #


You could see a troll and an orc.

Vanquished Creatures
  A gnoll bouda (D:2)
  A gnoll (D:2)
  4 adders
  A dart slug (D:1)
  A ribbon worm (D:3)
  An orc (D:2)
  2 bats
  A goblin (D:1)
  A jackal (D:3)
  A kobold (D:2)
  3 quokkas (D:2)
  8 ball pythons
  A frilled lizard (D:1)
  5 rats
31 creatures vanquished.

Vanquished Creatures (collateral kills)
  Sigmund (D:2)
  2 orc wizards (D:3)
  An adder (D:2)
  3 gnolls (D:2)
  A ribbon worm (D:2)
  2 dart slugs (D:2)
  5 orcs
  3 bats
  5 endoplasms
  3 goblins
  2 hobgoblins
  A jackal (D:3)
  A kobold (D:2)
  A ball python (D:1)
  A rat (D:2)
32 creatures vanquished.

Grand Total: 63 creatures vanquished

Notes
Turn   | Place    | Note
-------+----------+-------------------------------------------
     0 | D:1      | spaghetti the Naga Summoner began the quest for the Orb.
     0 | D:1      | Reached XP level 1. HP: 15/15 MP: 3/3
   342 | D:1      | Reached XP level 2. HP: 20/22 MP: 1/5
   554 | D:1      | Found a faded altar of an unknown god.
   692 | D:1      | Learned a level 2 spell: Call Imp
  1066 | D:1      | Prayed at the altar of an unknown god.
  1066 | D:1      | Became a worshipper of Xom of Chaos
  1083 | D:1      | XOM: silly message
  1194 | D:2      | Reached XP level 3. HP: 28/28 MP: 3/6
  1198 | D:2      | Learned a level 3 spell: Call Canine Familiar
  1430 | D:2      | Reached skill level 5 in Summonings
  1956 | D:2      | XOM: noise
  2043 | D:2      | XOM is BORED!
  2230 | D:2      | Reached XP level 4. HP: 25/36 MP: 1/7
  2305 | D:2      | XOM: noise
  2407 | D:2      | Noticed Sigmund
  2425 | D:2      | XOM: potion effect (might)
  2430 | D:2      | Reached skill level 6 in Summonings
  2464 | D:2      | Killed Sigmund
  2465 | D:2      | Reached skill level 7 in Summonings
  2465 | D:2      | Reached XP level 5. HP: 39/42 MP: 3/8
  2465 | D:2      | Reached XP level 6. HP: 46/49 MP: 3/9
  2635 | D:2      | Found Zepsaixt's Distillery.
  2734 | D:3      | XOM: polymorph inugami -> ball python
  3098 | D:3      | XOM: smoke on damage
  3128 | D:3      | XOM: 1-stop teleportation journey
  3203 | D:3      | a kobold changed into a troll
  3203 | D:3      | Noticed a troll
  3203 | D:3      | XOM: polymorph kobold -> troll
  3208 | D:3      | Gained mutation: You passively dampen the noise of your
                  | surroundings. [potion of mutation]
  3208 | D:3      | Mangled by a troll

Illustrated notes

Levels and vault maps discovered:
D:1:      lemuel_arrival_lava_pool, layout_loops_ring,
          shapermc_ecumenical_altar_flowoftime
D:2:      minmay_angry_zag, layout_basic, serial_shops,
          nicolae_shop_industrial_runoff, uniq_sigmund
D:3:      layout_loops_cross, serial_rivers, chequers_serial_rivers_micro_c,
          chequers_serial_rivers_room_a, chequers_serial_rivers_room_a,
          chequers_serial_rivers_room_a, chequers_serial_rivers_small_a,
          chequers_serial_rivers_marsh, minivault_26

Skill      XL: |  1  2  3  4 |
---------------+-------------+-----
Summonings     | 5 7 |  7.9
Dodging        | |  1.5
Stealth        | |  3.0
Spellcasting   | |  2.0

Action                     |  1- 3 |  4- 6 || total
---------------------------+-------+-------++-------
  Melee: Unarmed           |    72 |    62 ||   134
         Punch             |     2 |     2 ||     4
   Cast: Summon Small Mamm |    24 |     2 ||    26
         Call Imp          |     8 |     5 ||    13
         Call Canine Famil |     5 |     8 ||    13
Ability: Spit Poison       |    24 |    14 ||    38
    Use: Potion            |       |     4 ||     4
 Armour: Robe              |    53 |    74 ||   127
  Dodge: Dodged            |    28 |    41 ||    69

Table legend: (Time is in decaauts)
 A = Elapsed time spent in this place.
 B = Non-inter-level travel time spent in this place.
 C = Inter-level travel time spent in this place.
 D = Time resting spent in this place.
 E = Time spent auto-exploring this place.
 F = Levels seen in this place.
 G = Mean time per level.
                   A        B        C        D        E       F      G
               +--------+--------+--------+--------+--------+-----+--------+
         Total |   4008 |   3743 |    265 |     11 |   3038 |   3 | 1336.0 |
       Dungeon |   4008 |   3743 |    265 |     11 |   3038 |   3 | 1336.0 |
               +--------+--------+--------+--------+--------+-----+--------+

Top non-repeatable levels by time:
     D:2: 1903 daAuts
     D:1: 1462 daAuts
     D:3: 642 daAuts
